 Dungeon Crawl Stone Soup version 0.32-a0-43-g058985b245 (webtiles) character file.

Game seed: 16034311059104492378

11634 Sobieck the Fighter (level 11, -10/117 HPs)
             Began as an Oni Warper on Feb 4, 2024.
             Was an Elder of Hepliaklqana.
             Mangled by an elephant (11 damage)
             ... on level 1 of the Lair of Beasts.
             The game lasted 00:18:28 (12565 turns).

Sobieck the Fighter (Oni Warper)                   Turns: 12565, Time: 00:18:29

Health: -10/117    AC:  7    Str: 21    XL:     11   Next: 80%
Magic:  14/14      EV: 10    Int: 14    God:    Hepliaklqana [****..]
Gold:   301        SH:  0    Dex: 20    Spells: 14/14 levels left

rFire   . . .        K - +0 giant club
rCold   . . .        (shield currently unavailable)
rNeg    . . .        S - +0 steam dragon scales
rPois   .            (helmet restricted)
rElec   .            W - +0 cloak
rCorr   .            (gloves unavailable)
SInv    .            (boots unavailable)
Will    +....        (no amulet)
Stlth   ++           i - +6 ring of dexterity
HPRegen 0.39/turn    w - +6 ring of dexterity
MPRegen 0.14/turn

%: no passive effects
@: no status effects
A: reduced essence, large, unfitting armour, horns 1, tough skin 1, double
potion healing, drunken brawling
a: Renounce Religion, Recall Ancestor, Ancestor Identity, Transference, Idealise


You were on level 1 of the Lair of Beasts.
You worshipped Hepliaklqana.
Hepliaklqana was greatly pleased with you.
You visited 2 branches of the dungeon, and saw 13 of its levels.
You also visited: Sewer.

You collected 532 gold pieces.
You spent 231 gold pieces at shops.

Inventory:

Hand Weapons
 a - a +0 mace
 t - a +1 flail
 y - a +0 whip of flaming
 K - a +0 giant club (weapon)
 Q - a +0 whip of electrocution
Missiles
 d - 6 darts of dispersal
 h - 32 poisoned darts
 o - 91 stones (quivered)
 x - 4 curare-tipped darts
 C - 3 boomerangs
 J - 9 large rocks
 O - 2 throwing nets
Armour
 b - a +0 robe
 S - +0 steam dragon scales (worn)
 W - a +0 cloak (worn)
Jewellery
 i - a +6 ring of dexterity (left hand)
 m - a +1 ring of protection
 w - a +6 ring of dexterity (right hand)
 N - a ring of wizardry
 P - an amulet of the acrobat
 V - a ring of protection from cold
Wands
 u - a wand of light (8)
 v - a wand of flame (33)
 A - a wand of mindburst (7)
 G - a wand of charming (7)
Scrolls
 c - 4 scrolls of blinking
 e - a scroll of fog
 g - 2 scrolls of revelation
 j - a scroll of poison
 k - a scroll of vulnerability
 p - a scroll of enchant weapon
 r - 7 scrolls of teleportation
 B - 2 scrolls of immolation
 L - 2 scrolls of butterflies
 M - 6 scrolls of identify
 R - a scroll of noise {unknown}
 T - a scroll of brand weapon {unknown}
 X - a scroll of torment {unknown}
Potions
 f - 3 potions of enlightenment
 l - 2 potions of cancellation
 n - 3 potions of haste
 q - a potion of resistance
 s - a potion of attraction
 z - 9 potions of heal wounds
 D - 4 potions of curing
 E - 3 potions of brilliance
 F - 2 potions of might
 H - a potion of mutation
 I - 2 potions of lignification
 U - a potion of invisibility {unknown}


   Skills:
 + Level 14.3 Fighting
 + Level 12.7 Maces & Flails
 + Level 8.1 Throwing
 - Level 2.1 Dodging
 - Level 2.4 Spellcasting
 - Level 2.6 Translocations


You had 14 spell levels left.
You didn't know any spells.
Your spell library contained the following spells:

 Spells                   Type           Power      Damage    Failure   Level
 Blink                    Tloc           18%        N/A       12%         2
 Lesser Beckoning         Tloc           18%        N/A       12%         2
 Momentum Strike          Conj/Tloc      10%        3d8       21%         2
 Freeze                   Ice            4%         1d3       22%         1
 Necrotise                Necr           4%         1d4       22%         1
 Sting                    Conj/Alch      4%         1d3       22%         1
 Summon Small Mammal      Summ           4%         N/A       22%         1
 Teleport Other           Tloc           9%         N/A       22%         3
 Cigotuvi's Dreadful Rot  Necr/Alch/Air  2%         N/A       34%         2
 Mercury Vapours          Alch/Air       2%         N/A       34%         2
 Volatile Blastmotes      Fire/Tloc      10%        2d10      36%         3
 Call Canine Familiar     Summ           1%         N/A       56%         3
 Dazzling Flash           Conj/Hex       2%         N/A       56%         3
 Frozen Ramparts          Ice            2%         1d1       56%         3
 Hailstorm                Conj/Ice       1%         3d5       56%         3
 Inner Flame              Hex/Fire       1%         N/A       56%         3
 Vampiric Draining        Necr           1%         2d6       56%         3
 Manifold Assault         Tloc           9%         N/A       58%         4
 Vhi's Electric Charge    Tloc/Air       10%        N/A       78%         4
 Dispel Undead            Necr           1%         3d6       92%         4
 Martyr's Knell           Necr/Summ      1%         N/A       92%         4
 Olgreb's Toxic Radiance  Alch           1%         N/A       92%         4
 Summon Blazeheart Golem  Fire/Summ      1%         N/A       92%         4
 Curse of Agony           Necr           1%         N/A       99%         5
 Irradiate                Conj/Alch      0%         3d11      99%         5
 Death Channel            Necr           0%         N/A       100%        6
 Dispersal                Tloc           4%         N/A       100%        6
 Starburst                Conj/Fire      0%         6d3       100%        6
 Disjunction              Tloc           4%         N/A       100%        8
 Ignition                 Fire           0%         3d3       100%        8
 Maxwell's Capacitive Co  Air            0%         ∞         100%        8


Dungeon Overview and Level Annotations

Branches:
Dungeon (11/15)            Temple (0/1) D:7            Lair (2/5) D:9
  Sewer (visited)
  Swamp: Lair:2-3    Shoals: Lair:2-3     Snake: Lair:2-3    Spider: Lair:2-3
    Orc: D:9-12

Altars:
Ashenzari
Cheibriados
Dithmenos
Elyvilon
Fedhas
Gozag
Hepliaklqana
Kikubaaqudgha
Nemelex Xobeh
Trog
Uskayaw
Wu Jian
Xom
The Shining One

Shops:
D:2 =   D:6 !   D:9 (


Innate Abilities, Weirdness & Mutations

Your life essence is reduced to manifest your ancestor. (-10% HP)
You are too large for most types of armour.
You have a pair of small horns on your head.
You have tough skin. (AC +1)
You gain doubled healing and magic from potions.
Whenever you drink a healing potion, you attack all around you.


Message History

There is a stone staircase leading down here.
Unknown command.
Unknown command.
Unknown command.
You sock the elephant!
You headbutt the elephant, but do no damage.
The elephant is lightly wounded.
You bludgeon the elephant!! You headbutt the elephant.
The elephant is severely wounded.
The elephant tramples you!
* * * LOW HITPOINT WARNING * * *
You hold your ground!
The elephant closely misses you. The elephant misses you.
The elephant trunk-slaps you.
* * * LOW HITPOINT WARNING * * *
You completely miss the elephant.
The elephant is severely wounded.
The elephant closely misses you.
The elephant trunk-slaps you but does no damage.
The elephant barely misses you.
The elephant trunk-slaps you but does no damage.
You barely miss the elephant.
The elephant is severely wounded.
The elephant misses you.
The elephant trunk-slaps you but does no damage.
The elephant barely misses you. The elephant closely misses you.
Unknown command.
You hit the elephant.
The elephant is severely wounded.
The elephant closely misses you. x3
The elephant trunk-slaps you but does no damage.
You hit the elephant but do no damage.
The elephant is severely wounded.
The elephant tramples you!
* * * LOW HITPOINT WARNING * * *
You hold your ground!
The elephant trunk-slaps you.
* * * LOW HITPOINT WARNING * * *
The elephant tramples you!
* * * LOW HITPOINT WARNING * * *
You hold your ground!
The elephant closely misses you.
You bludgeon the elephant!!
You kill the elephant!
The elephant tramples you.
* * * LOW HITPOINT WARNING * * *
You hold your ground!
The elephant closely misses you.
Unknown command.
Unknown command.
You bludgeon the elephant!! You headbutt the elephant!
The elephant is heavily wounded.
The elephant tramples you!
You die...

#.....#.....## #......#
............P#### #####......#
#.....#.....P##.#####PP##......#
.##..P#........................#
.................#.##.P........#
.................######........##
.................# ##........#
.................# #.......##
................@# ##.......#
.####..###.###.Y†# #...###P.# .#
##.##### #...# ###....###.# .##
#...# #...####.##..## #.# ..#
##.## #............# #.# .## #.P#
#..P#######..# #.# .P#
#..######..## ##.####.## ..#
#..........# #...##...# .##
#..........#########......##


You could see an elephant.

Vanquished Creatures
  Pikel (D:8)
  4 elephants
  A cane toad (Lair:1)
  3 gargoyles (D:10)
  A troll (D:10)
  A hornet (D:10)
  A wraith (D:10)
  A basilisk (D:9)
  2 wyverns
  5 yaks
  A steam dragon (D:7)
  2 water moccasins
  Duvessa (D:4)
  An ice beast (D:7)
  2 black bears
  A phantom (Sewer)
  2 kobold brigands
  7 bullfrogs
  3 scorpions
  4 wights (D:9)
  Dowan (D:4)
  3 killer bees
  4 howler monkeys
  A hound (D:6)
  3 gnoll boudas
  An orc priest (D:6)
  A sleepcap (D:5)
  4 orc wizards
  An iguana (D:6)
  Robin (D:3)
  14 gnolls
  3 adders
  A river rat (D:6)
  A shadow imp (Sewer)
  2 ufetubi (Sewer)
  3 ribbon worms
  4 dart slugs
  9 orcs
  5 endoplasms
  4 giant cockroaches
  8 hobgoblins
  3 jackals (D:1)
  3 ball pythons
  3 bats
  6 frilled lizards
  21 goblins
  14 kobolds
  6 rats
174 creatures vanquished.

Vanquished Creatures (collateral kills)
  3 gargoyles (D:10)
  2 komodo dragons (Lair:1)
  Grinder (Sewer)
  A wraith (D:11)
  A hog (shapeshifter) (D:9)
  6 yaks
  A steam dragon (D:9)
  2 water moccasins
  An orc warrior (D:6)
  An ice beast (D:6)
  A black bear (D:4)
  An ogre (D:6)
  2 centaurs
  A lemure (D:8)
  A kobold brigand (Sewer)
  2 bullfrogs
  A scorpion (D:6)
  2 killer bees
  A howler monkey (D:10)
  An iguana (D:6)
  2 orc wizards (D:6)
  5 gnolls
  2 adders (D:6)
  3 shadow imps
  A white imp (D:8)
  A ribbon worm (D:6)
  8 orcs
  A bat zombie (Sewer)
  An endoplasm (Sewer)
  A giant cockroach (Sewer)
  3 goblins
  A hobgoblin (D:4)
  12 kobolds
  A bat (Sewer)
  A giant cockroach zombie (Sewer)
  A kobold zombie (Sewer)
  A rat (D:6)
77 creatures vanquished.

Vanquished Creatures (others)
  A basilisk (D:9)
  2 battlemagi
  3 ancestors
  2 orcs (D:3)
8 creatures vanquished.

Grand Total: 259 creatures vanquished

Notes
Turn   | Place    | Note
-------+----------+-------------------------------------------
     0 | D:1      | Sobieck the Oni Warper began the quest for the Orb.
     0 | D:1      | Reached XP level 1. HP: 22/22 MP: 3/3
     2 | D:1      | Noticed an armataur
     2 | D:1      | Noticed a felid
     4 | D:1      | Noticed a barachi
     4 | D:1      | Noticed an oni
     6 | D:1      | Noticed a gargoyle
     8 | D:1      | Noticed a tengu
     8 | D:1      | Noticed a naga
    10 | D:1      | Noticed a demigod
    10 | D:1      | Noticed a minotaur
    12 | D:1      | Noticed a human
    12 | D:1      | Noticed a draconian
    14 | D:1      | Noticed a formicid
    14 | D:1      | Noticed a demonspawn
    16 | D:1      | Noticed an elf
    18 | D:1      | Noticed a spriggan
    20 | D:1      | Noticed an octopode
    22 | D:1      | Noticed a ghoul
    22 | D:1      | Noticed a vine stalker
    24 | D:1      | Noticed a troll
    24 | D:1      | Noticed a vampire
    26 | D:1      | Noticed a merfolk
    26 | D:1      | Noticed a djinni
   131 | D:1      | Reached skill level 3 in Fighting
   195 | D:1      | Reached XP level 2. HP: 30/31 MP: 5/5
   525 | D:1      | Reached XP level 3. HP: 26/39 MP: 6/6
   751 | D:1      | Reached skill level 4 in Fighting
   751 | D:1      | Reached skill level 3 in Maces & Flails
  1107 | D:2      | Found Athru's One-of-a-Kind Rings.
  1176 | D:2      | Bought a +1 ring of protection for 36 gold pieces
  1729 | D:2      | Reached XP level 4. HP: 44/49 MP: 7/7
  2315 | D:3      | Found a sparkling altar of Nemelex Xobeh.
  2373 | D:3      | Found a faded altar of an unknown god.
  2380 | D:3      | Prayed at the altar of an unknown god.
  2380 | D:3      | Became a worshipper of Hepliaklqana the Forgotten
  2380 | D:3      | Reached * piety under Hepliaklqana
  2727 | D:3      | Reached skill level 5 in Fighting
  2752 | D:3      | Reached XP level 5. HP: 49/51 MP: 8/8
  2870 | D:3      | Noticed Robin
  2877 | D:3      | Killed Robin
  3144 | D:4      | Noticed Duvessa
  3144 | D:4      | Noticed Dowan
  3433 | D:4      | Noticed a black bear
  3441 | D:4      | Killed a black bear
  3442 | D:4      | Reached skill level 6 in Fighting
  3442 | D:4      | Reached XP level 6. HP: 31/60 MP: 9/9
  3572 | D:4      | Found a hide-covered altar of Uskayaw.
  3938 | D:4      | Found an ancient bone altar of Kikubaaqudgha.
  4027 | D:4      | Found a snail-covered altar of Cheibriados.
  4187 | D:4      | Killed Duvessa
  4196 | D:4      | Killed Dowan
  4197 | D:4      | Reached skill level 7 in Fighting
  4197 | D:4      | Reached XP level 7. HP: 29/70 MP: 10/10
  4354 | D:5      | Entered Level 5 of the Dungeon
  4772 | D:5      | Reached ** piety under Hepliaklqana
  4773 | D:5      | Remembered your ancestor Nkonkoni as a battlemage
  4846 | D:5      | Reached skill level 6 in Maces & Flails
  5035 | D:6      | Reached skill level 8 in Fighting
  5146 | D:6      | Reached XP level 8. HP: 63/80 MP: 11/11
  5385 | D:6      | Reached skill level 9 in Fighting
  5398 | D:6      | Found a shimmering altar of Xom.
  5451 | D:6      | Found Nongog's Distillery.
  5489 | D:6      | Found a glowing drain.
  5514 | Sewer    | Entered a sewer
  5648 | Sewer    | Found an ancient bone altar of Kikubaaqudgha.
  5677 | Sewer    | Reached skill level 10 in Fighting
  5763 | Sewer    | Noticed Grinder
  5770 | Sewer    | Paralysed by Grinder for 5 turns
  5786 | Sewer    | Killed Grinder
  5787 | Sewer    | Reached XP level 9. HP: 59/90 MP: 12/12
  5973 | D:6      | Reached skill level 9 in Maces & Flails
  6168 | D:6      | Found a white marble altar of Elyvilon.
  6335 | D:6      | Bought a potion of might for 52 gold pieces
  6335 | D:6      | Bought a potion of mutation for 104 gold pieces
  6335 | D:6      | Bought a potion of lignification for 39 gold pieces
  6692 | D:7      | Found a staircase to the Ecumenical Temple.
  7438 | D:7      | Reached skill level 3 in Throwing
  7787 | D:8      | Reached skill level 11 in Fighting
  7787 | D:8      | Reached XP level 10. HP: 88/101 MP: 13/13
  7905 | D:8      | Reached *** piety under Hepliaklqana
  7905 | D:8      | Found an ornate altar of the Wu Jian Council.
  8259 | D:8      | Noticed Pikel
  8267 | D:8      | Killed Pikel
  8315 | D:8      | Found a blossoming altar of Fedhas.
  8680 | D:9      | Found a staircase to the Lair.
  8680 | D:9      | Noticed an elephant
  8925 | D:8      | Killed an elephant
  8941 | D:9      | Reached skill level 12 in Fighting
  9332 | D:9      | Found Eva Unez's Antique Weapon Shop.
  9854 | D:10     | Entered Level 10 of the Dungeon
  9944 | D:10     | Found a shadowy altar of Dithmenos.
  9964 | D:10     | Noticed a gargoyle
  9981 | D:10     | Killed a gargoyle
  9982 | D:10     | Reached skill level 6 in Throwing
 10260 | D:10     | Found a glowing golden altar of the Shining One.
 10261 | D:10     | Found a bloodstained altar of Trog.
 10262 | D:10     | Found a broken altar of Ashenzari.
 10267 | D:10     | Reached **** piety under Hepliaklqana
 10267 | D:10     | Found an opulent altar of Gozag.
 10330 | D:10     | Reached XP level 11. HP: 81/113 MP: 14/14
 10461 | D:10     | Reached skill level 13 in Fighting
 10916 | D:10     | Reached skill level 12 in Maces & Flails
 11488 | D:11     | Noticed a cyclops
 11489 | D:11     | Noticed a two-headed ogre
 11704 | Lair:1   | Entered Level 1 of the Lair of Beasts
 12198 | Lair:1   | Reached skill level 14 in Fighting
 12563 | Lair:1   | HP: 2/117 [elephant (13)]
 12565 | Lair:1   | Mangled by an elephant

Illustrated notes

Levels and vault maps discovered:
D:1:      kb_arrival_jail, layout_loops_ring
D:2:      layout_basic, nicolae_shop_unique_rings, minmay_pentomino_p2
D:3:      layout_loops_ring, nemelex_spade_bored_becter,
          dreamdust_ecumenical_altar_hidden_monk_grotto,
          corexii_leaking_fountain, kennysheep_another_room,
          minmay_statues_item, chequers_garden, uniq_robin
D:4:      layout_rooms, nicolae_uskayaw_murder_on_the_dancefloor,
          mainiacjoe_overflow_six_doors_small, kiku_gazebo_garden_becter,
          uniq_duvessa
D:5:      layout_rooms, serial_park_tiny_2
D:6:      layout_basic, lemuel_crystal_altar, elyvilon_altar_1,
          portal_sewer_entry_a, serial_shops, nicolae_shop_rolling_square,
          minmay_ogre_servants
D:7:      layout_loops_ring, minmay_temple_entry_statues
D:8:      layout_rooms, kennysheep_mini_moat, nicolae_wu_jian_wuxing_cycle,
          uniq_pikel
D:9:      layout_loops_corners, david_lair_generic, serial_shops, shop,
          enter_bailey_2
D:10:     cheibrodos_statue_roulette, layout_gridville,
          nicolae_dithmenos_shadow_blocks, nicolae_overflow_macrodata_refinement
D:11:     minmay_the_grid_3x3 [minmay_the_grid_all_tris,
          minmay_the_grid_plusring, minmay_the_grid_square_x,
          minmay_the_grid_small_cups, minmay_the_grid_dragon_a,
          minmay_the_grid_slots, minmay_the_grid_embedded, minmay_the_grid_mess,
          minmay_the_grid_prize_trominoes], layout_cave_pools, serial_park,
          serial_park_square3 [serial_park_minivault_5x5_3], serial_park_tiny_1,
          serial_park_tiny_1, serial_park_tiny_pond
Lair:1:   layout_chaotic_city
Lair:2:   layout_roguey, minmay_shoals_entry_centaurs, serial_bayou_shore_b,
          grunt_megastairs_4, infiniplex_staircase_pool_2

Skill      XL: |  1  2  3  4  5  6  7  8  9 10 11 |
---------------+----------------------------------+-----
Fighting       | 3 4 5 6 7 8 10 11 12 14 | 14.3
Maces & Flails | 3 4 5 6 8 10 11 12 | 12.7
Throwing       | 3 6 8 |  8.1
Dodging        | |  2.1
Spellcasting   | |  2.4
Translocations | |  2.6

Action                     |  1- 3 |  4- 6 |  7- 9 | 10-12 || total
---------------------------+-------+-------+-------+-------++-------
  Melee: Mace              |    91 |     8 |       |       ||    99
         Headbutt          |    10 |    18 |    30 |    77 ||   135
         Punch             |     1 |     1 |     2 |     1 ||     5
         Flail             |       |    94 |   106 |       ||   200
         Whip              |       |       |    34 |   184 ||   218
         Giant club        |       |       |    38 |    60 ||    98
  Throw: Stone             |     1 |       |     2 |       ||     3
         Dart              |     1 |       |       |       ||     1
 Invoke: Ancestor Identity |       |     1 |       |       ||     1
         Recall Ancestor   |       |     1 |     2 |     1 ||     4
         Ancestor Life: Ba |       |       |     1 |       ||     1
    Use: Scroll            |       |       |    15 |     4 ||    19
   Stab: Sleeping          |       |     4 |     5 |       ||     9
         Distracted        |       |       |     4 |     3 ||     7
 Armour: Robe              |    70 |    73 |   157 |    37 ||   337
         Steam dragon scal |       |       |       |   118 ||   118
  Dodge: Dodged            |    39 |    60 |   101 |   102 ||   302

Table legend: (Time is in decaauts)
 A = Elapsed time spent in this place.
 B = Non-inter-level travel time spent in this place.
 C = Inter-level travel time spent in this place.
 D = Time resting spent in this place.
 E = Time spent auto-exploring this place.
 F = Levels seen in this place.
 G = Mean time per level.
                   A        B        C        D        E       F      G
               +--------+--------+--------+--------+--------+-----+--------+
         Total |  12536 |  12069 |    467 |   2729 |   7499 |  14 |  895.4 |
       Dungeon |  11249 |  10827 |    422 |   2656 |   6732 |  11 | 1022.6 |
          Lair |    860 |    815 |     45 |      0 |    713 |   2 |  430.0 |
         Sewer |    426 |    426 |      0 |     73 |     54 |   1 |  426.0 |
               +--------+--------+--------+--------+--------+-----+--------+

Top non-repeatable levels by time:
    D:10: 1755 daAuts
     D:3: 1364 daAuts
     D:2: 1202 daAuts
     D:9: 1177 daAuts
     D:6: 1135 daAuts
     D:7: 1075 daAuts
     D:1: 1006 daAuts
     D:8: 964 daAuts
  Lair:1: 834 daAuts
     D:4: 830 daAuts
     D:5: 709 daAuts
   Sewer: 426 daAuts
    D:11: 28 daAuts
  Lair:2: 25 daAuts
